 Dungeon Crawl Stone Soup version 0.17-a0-2231-gd80ca38 (webtiles) character file.

104 nicanaca0 the Slasher (level 4, 0/39 HPs)
             Began as a Minotaur Berserker on Oct 29, 2015.
             Was a Believer of Trog.
             Slain by Ijyb
             ... wielding a +7 vampiric dagger
              (1 damage)
             ... on level 3 of the Dungeon.
             The game lasted 00:03:08 (1819 turns).

nicanaca0 the Slasher (Minotaur Berserker)          Turns: 1819, Time: 00:03:09

Health: 0/39       AC:  3    Str: 22    XL:     4   Next: 52%
Magic:  3/3        EV: 12    Int:  4    God:    Trog [**....]
Gold:   101        SH:  0    Dex: 10    Spells: 0 memorised, 3 levels left

rFire  . . .     SeeInvis .     a - +0 falchion
rCold  . . .     Clarity  .     i - +0 leather armour (curse)
rNeg   . . .     SustAt   .     (no shield)
rPois  .         Gourm    +     (helmet restricted)
rElec  .         Spirit   .     (no cloak)
rCorr  .         Warding  .     (no gloves)
rMut   .         Stasis   .     (no boots)
MR     .....                    e - amulet of the gourmand
Stlth  +.........               (no ring)
                                (no ring)

@: hasted, very quick, not resistant to hostile enchantments, very unstealthy
A: retaliatory headbutt, horns 2
a: Berserk, Trog's Hand, Burn Spellbooks, Renounce Religion


You were on level 3 of the Dungeon.
You worshipped Trog.
Trog was pleased with you.
You were completely stuffed.

You visited 1 branch of the dungeon, and saw 3 of its levels.

You collected 101 gold pieces.

Inventory:

Hand Weapons
 a - a +0 falchion (weapon)
Armour
 b - a +0 animal skin
 i - a cursed +0 leather armour (worn)
 k - a +0 ring mail
Jewellery
 e - an amulet of the gourmand (around neck)
 h - an uncursed ring of protection from cold {unknown}
Wands
 j - a wand of confusion (11)
 l - a wand of slowing (22)
Scrolls
 g - 2 scrolls of teleportation {unknown}
 n - a scroll of remove curse {unknown}
 p - a scroll of random uselessness {unknown}
 r - a scroll of identify {unknown}
Potions
 d - a potion of degeneration {unknown}
 m - a potion of curing {unknown}
 o - a potion of haste
Comestibles
 c - 3 bread rations
 f - 3 meat rations
 q - a chunk of flesh


   Skills:
 - Level 3.6 Fighting
 * Level 6.4 Long Blades
 - Level 2.4 Armour
 - Level 2.1 Dodging


You had 3 spell levels left.
You didn't know any spells.

Dungeon Overview and Level Annotations

Branches:
Dungeon (3/15)

Altars:
Cheibriados

Annotations:
D:3 Ijyb


Innate Abilities, Weirdness & Mutations

You reflexively headbutt those who attack you in melee.
You have a pair of horns on your head.


Message History

Ijyb hits you but does no damage.
You hit Ijyb but do no damage. You headbutt Ijyb!
Ijyb is heavily wounded.
Ijyb hits you with a vampiric dagger. Ijyb draws strength from your injuries!
You hit Ijyb.
Ijyb is heavily wounded.
Ijyb hits you with a vampiric dagger.
You hit Ijyb but do no damage.
Ijyb is heavily wounded.
Ijyb hits you with a vampiric dagger!
* * * LOW HITPOINT WARNING * * *
Ijyb draws strength from your injuries!
You hit Ijyb but do no damage. You headbutt Ijyb.
Ijyb is moderately wounded.
Ijyb hits you with a vampiric dagger.
* * * LOW HITPOINT WARNING * * *
Drink which item? (? for menu, Esc to quit)
It was a potion of haste.
You feel yourself speed up. Ijyb hits you with a vampiric dagger.
You die...

## #.## ##...######
#.........#
#...g@....######..
#...............#.#
#..........##......
#..............#....
..########.#.#.....
. #...#..#.##
#..........
#...<...###
##..#.##.#..


You could see Ijyb.

Vanquished Creatures
  Terence (D:2)
  An adder (D:2)
  2 gnolls (D:2)
  A worm (D:2)
  2 giant geckos
  3 orcs
  6 bats
  2 giant cockroaches
  5 goblins
  5 hobgoblins (D:1)
  3 jackals (D:2)
  A quokka (D:2)
  2 giant newts (D:1)
  4 kobolds
  8 rats
46 creatures vanquished.

Notes
Turn   | Place    | Note
--------------------------------------------------------------
     0 | D:1      | nicanaca0 the Minotaur Berserker began the quest for the Orb.
     0 | D:1      | Reached XP level 1. HP: 19/19 MP: 0/0
   106 | D:1      | Reached skill level 4 in Long Blades
   167 | D:1      | Reached XP level 2. HP: 17/26 MP: 1/1
   473 | D:1      | Reached ** piety under Trog
   683 | D:2      | Reached skill level 5 in Long Blades
   709 | D:2      | Reached XP level 3. HP: 25/31 MP: 2/2
  1110 | D:2      | Noticed Terence
  1129 | D:2      | Killed Terence
  1129 | D:2      | Reached skill level 6 in Long Blades
  1129 | D:2      | Reached XP level 4. HP: 35/39 MP: 3/3
  1160 | D:2      | Found a snail-covered altar of Cheibriados.
  1806 | D:3      | Noticed Ijyb
  1818 | D:3      | HP: 1/39 [Ijyb/vampiric dagger (6)]
  1819 | D:3      | Slain by Ijyb

Vault maps used:
D:1:      dpeg_arrival_chase
D:2:      cheibriados_altar_wand_db, minivault_5, corexii_shack, uniq_terence
D:3:      uniq_iyjb

Action                   |  1- 3 |  4- 6 || total
-------------------------+-------+-------++-------
Melee: Falchion          |    76 |    33 ||   109
Invok: Berserk           |     1 |       ||     1
  Use: Potion            |       |     1 ||     1
 Stab: Sleeping          |     2 |       ||     2
  Eat: Chunk             |    11 |     4 ||    15
